 Dungeon Crawl Stone Soup version 0.29.0-4-gdea44cf6ec (webtiles) character file.

Game seed: 3953335918947824059

4 qw the Sneak (level 1, -2/14 HPs)
             Began as a Gargoyle Delver on Sept 10, 2022.
             Slain by an orc
             ... wielding a +0 falchion
              (3 damage)
             ... on level 4 of the Dungeon.
             The game lasted 00:00:02 (111 turns).

qw the Sneak (Gargoyle Delver)                       Turns: 111, Time: 00:00:03

Health: -2/14      AC:  5    Str: 15    XL:     1   Next: 60%
Magic:  1/1        EV: 11    Int: 10    God:
Gold:   20         SH:  0    Dex: 11    Spells: 0/0 levels left

rFire   . . .      SeeInvis .   a - +0 hand axe
rCold   . . .      Faith    .   (no shield)
rNeg    + . .      Spirit   .   b - +0 leather armour
rPois   inf        Reflect  .   (no helmet)
rElec   +          Harm     .   (no cloak)
rCorr   .          Rampage  .   (no gloves)
Will    .....                   (no boots)
Stlth   +++.......              (no amulet)
HPRegen 0.04/turn               (no ring)
MPRegen 0.07/turn               (no ring)

@: no status effects
A: sickness immunity, AC +2, negative energy resistance 1, electricity
resistance, torment resistance 1, petrification resistance
a: no special abilities


You were on level 4 of the Dungeon.
You visited 1 branch of the dungeon, and saw 2 of its levels.

You collected 20 gold pieces.


Innate Abilities, Weirdness & Mutations

You are immune to sickness and miasma.
Your stone body is resilient. (AC +2)
You are immune to poison.
You resist negative energy. (rN+)
You are resistant to electric shocks. (rElec)
You are resistant to unholy torment.
You are immune to petrification.


   Skills:
 - Level 3.2 Fighting
 + Level 2.1 Axes
 - Level 1.5 Dodging
 - Level 5.4 Stealth


You couldn't memorise any spells.
You didn't know any spells.
Your spell library was empty.

Inventory:

Hand Weapons
 a - a +0 hand axe (weapon)
Armour
 b - a +0 leather armour (worn)
Wands
 g - a wand of digging (3)
Potions
 f - a potion of haste
 h - a potion of mutation {unknown}
 i - a potion of curing {unknown}

Dungeon Overview and Level Annotations

Branches:
Dungeon (5/15)
 Temple: D:4-7

Altars:


Message History

Assign waypoint to what number? (0-9, D - delete waypoint) Waypoint 1 assigned to D:4.
Found an escape hatch in the ceiling.
An orc comes into view. It is wielding a +0 dagger.
The orc shouts!
You hear a shout! x2 3 orcs and a worm come into view.
The orc shouts! x2
The orc moves out of view.
You hear a shout!
101 ||| Stepping ~*~*~tactically~*~*~ (stealth).
You closely miss the orc. The orc closely misses you.
An iguana comes into view.
104 ||| Stepping ~*~*~tactically~*~*~ (stealth).
The orc attacks as you move away! The orc hits you but does no damage.
You hit the orc.
The orc is severely wounded.
The orc hits you with a +0 dagger.
You barely miss the orc. Your punch misses the orc.
The orc is severely wounded.
The orc barely misses you.
You closely miss the orc.
The orc is severely wounded.
You hit the orc.
You kill the orc!
You hit the orc.
The orc hits you with a +0 falchion. x2; The orc hits you with a +0 club.
Your Axes skill increases to level 2!
You barely miss the orc.
The orc is moderately wounded.
You hit the orc. The orc misses you. The orc hits you with a +0 club.
You hit the orc.
You kill the orc!
You hit the orc. The orc barely misses you.
You hit the orc.
The orc is almost dead.
The orc hits you with a +0 falchion.
You die...

..<.......#
.............#
.............#
.............#
.............#
.............#
.............#
........o)...#
.......o)@>###
..###..#####
#... #...
#...w ......
.l.#oo.
...#...


You could see 2 orcs.

Vanquished Creatures
  2 orcs (D:4)
2 creatures vanquished.

Notes
Turn   | Place    | Note
-------+----------+-------------------------------------------
     0 | D:5      | qw the Gargoyle Delver began the quest for the Orb.
     0 | D:5      | Reached XP level 1. HP: 14/14 MP: 1/1
     0 | D:5      | 0 ||| qw: Version: 0.1-a-117-gfe26ee0
     0 | D:5      | 0 ||| qw: Game counter: 9602
     0 | D:5      | 0 ||| qw: Always use a shield: true
     0 | D:5      | 0 ||| qw: God list: Okawaru
     0 | D:5      | 0 ||| qw: Allow faded altars: false
     0 | D:5      | 0 ||| qw: Do Orc after D:15 true
     0 | D:5      | 0 ||| qw: Do second Lair branch before Depths: true
     0 | D:5      | 0 ||| qw: Lair rune preference: random
     0 | D:5      | 0 ||| qw: Plans: Normal
     0 | D:5      | 0 ||| PLANNING D:1-11
    83 | D:5      | 83 ||| DROPPING scroll of fog.
    84 | D:5      | 84 ||| DROPPING scroll of magic mapping.
    85 | D:5      | 85 ||| DROPPING scroll of fear.
   101 | D:4      | 101 ||| Stepping ~*~*~tactically~*~*~ (stealth).
   103 | D:4      | Noticed an iguana
   104 | D:4      | 104 ||| Stepping ~*~*~tactically~*~*~ (stealth).
   108 | D:4      | HP: 3/14 [orc/+0 club (2)]
   109 | D:4      | HP: 1/14 [orc/+0 club (2)]
   111 | D:4      | Slain by an orc

Levels and vault maps discovered:
D:4:      corexii_shantytown, layout_basic, mainiacjoe_overflow_small_starburst
D:5:      layout_loops_corners, minmay_temple_entry_proselytizer,
          gammafunk_ghost_mausoleum

Skill      XL: |  1 |
---------------+----+-----
Axes           | 2 |  2.1
Fighting       | |  3.2
Dodging        | |  1.5
Stealth        | |  5.4

Action                   || total
-------------------------++-------
Melee: Hand axe          ||     8
Armor: Leather armour    ||     1
Dodge: Dodged            ||     4

Table legend:
 A = Non-vault XP
 B = Vault XP
 C = Vault XP percentage of total XP
 D = Non-vault monster count
 E = Vault monster count
 F = Vault count percentage of total count
                 A         B        C        D         E       F
            +---------+---------+-------+---------+---------+-------
      Total |       6 |       0 |   0.0 |       2 |       0 |   0.0
            +---------+---------+-------+---------+---------+-------
        D:4 |       6 |       0 |   0.0 |       2 |       0 |   0.0
            +---------+---------+-------+---------+---------+-------
